 Dungeon Crawl Stone Soup version 0.22.0-6-g71bd7aa (webtiles) character file.

82 KLATTERAL the Caller (level 4, -4/31 HPs)
             Began as a Demonspawn Summoner on Aug 15, 2018.
             Was an Initiate of Makhleb.
             Slain by Findor's ghost (9 damage)
             ... on level 3 of the Dungeon.
             The game lasted 00:32:42 (2570 turns).

KLATTERAL the Caller (Demonspawn Summoner)          Turns: 2570, Time: 00:32:50

Health: -4/31      AC:  7    Str:  9    XL:     4   Next: 21%
Magic:  4/8        EV: 12    Int: 17    God:    Makhleb [......]
Gold:   74         SH:  0    Dex: 13    Spells: 6/8 levels left

rFire    + . .     SeeInvis .   y - +0 morningstar
rCold    x . .     Gourm    .   (no shield)
rNeg     . . .     Faith    .   q - +0 leather armour (curse)
rPois    .         Spirit   .   (no helmet)
rElec    .         Reflect  .   o - +0 cloak
rCorr    .         Harm     .   (no gloves)
MR       .....                  j - +0 pair of boots
Stlth    ++........             (no amulet)
HPRegen  0.10/turn              e - ring of fire
MPRegen  0.11/turn              (no ring)

@: no status effects
A: yellow scales 1, rot immunity
a: Renounce Religion


You were on level 3 of the Dungeon.
You worshipped Makhleb.
Makhleb was noncommittal.
You were not hungry.

You visited 1 branch of the dungeon, and saw 3 of its levels.

You collected 74 gold pieces.

Inventory:

Hand Weapons
 v - a +0 hunting sling
 y - a +0 morningstar (weapon)
Missiles
 i - 16 bolts
 n - 27 sling bullets (quivered)
 w - 45 stones
Armour
 a - a +0 robe
 j - a +0 pair of boots (worn)
 o - a +0 cloak (worn)
 q - a cursed +0 leather armour (worn)
 u - a +0 leather armour
Jewellery
 e - a ring of fire (left hand)
Scrolls
 b - 2 scrolls of identify
 f - 2 scrolls of noise {unknown}
 h - 2 scrolls of teleportation
 k - a scroll of random uselessness {unknown}
 r - a scroll of enchant weapon {unknown}
 s - a scroll of remove curse
 x - a scroll of immolation {unknown}
Potions
 d - a potion of might {unknown}
 g - a potion of flight {unknown}
 l - a potion of degeneration
 m - 2 potions of heal wounds {unknown}
 p - 2 potions of haste {unknown}
 t - 2 potions of curing {unknown}
 z - a potion of brilliance {unknown}
 A - a potion of agility {unknown}
Comestibles
 c - 5 rations


   Skills:
 + Level 0.3 Fighting
   Level 0.6 Short Blades
 + Level 0.7 Slings
 + Level 0.4 Armour
 + Level 2.1 Dodging
 - Level 1.7 Stealth
 + Level 2.8 Spellcasting
 + Level 4.6 Summonings


You had 6 spell levels left.
You knew the following spells:

 Your Spells              Type           Power        Failure   Level  Hunger
b - Call Imp              Summ           ###.....     5%          2    ##.....

Your spell library contained the following spells:

 Spells                   Type           Power        Failure   Level  Hunger
 Summon Small Mammal      Summ           ###.         3%          1    #......
 Summon Ice Beast         Ice/Summ       ##......     67%         4    #####..
 Call Canine Familiar     Summ           ###.....     11%         3    ###....
 Summon Lightning Spire   Summ/Air       ##......     67%         4    #####..
 Summon Guardian Golem    Hex/Summ       ##......     28%         3    ###....


Dungeon Overview and Level Annotations

Branches:
Dungeon (3/15)

Altars:
Makhleb

Annotations:
D:3 Findor's ghost, amateur GrWn


Innate Abilities, Weirdness & Mutations

You are partially covered in yellow scales. (AC +2)
You are immune to rotting.


Message History

Your crimson imp hits Findor's ghost but does no damage.
You see here a ration.
Your shadow imp barely misses Findor's ghost.
You swap places.
Findor's ghost hits you.
Your shadow imp closely misses Findor's ghost.
Your shadow imp hits Findor's ghost but does no damage.
Your crimson imp barely misses Findor's ghost.
Your shadow imp hits Findor's ghost but does no damage.
Your crimson imp blinks!
There is an open door here.
There isn't anything here!
Findor's ghost barely misses you.
Your shadow imp hits Findor's ghost but does no damage.
You hit Findor's ghost but do no damage.
Findor's ghost is moderately damaged.
Findor's ghost hits you!
* * * LOW HITPOINT WARNING * * *
Your shadow imp barely misses Findor's ghost.
Findor's ghost hits you!
You die...

.#......##⌠##........##...#
.......##...##..#.....#...##
#....##.....##.............
....#⌠.%♣..⌠#.#.....#.....
#.#..##.....##......###..##
.....##55.##......# #..#
...#..##5##..#...#####..##
####...#W#..###.........##
#.#...@................
#>##.#############.#.## #.
#.# #.#.## #.##.#########
#.#.# #............# #.#.#
(....##########.#####...##
##### #...5)......
############


You could see Findor's ghost, a friendly crimson imp, a friendly white imp and a
friendly shadow imp.

Vanquished Creatures
  An orc priest (D:3)
  A worm (D:3)
  3 bats
  A giant cockroach (D:2)
  2 goblins
  2 hobgoblins
  A jackal (D:1)
  3 kobolds
  A ball python (D:3)
  A frilled lizard (D:2)
  A rat (D:2)
17 creatures vanquished.

Vanquished Creatures (collateral kills)
  3 adders
  A worm (D:3)
  A dart slug (D:1)
  7 orcs
  A ball python (D:1)
  4 bats
  5 hobgoblins
  2 jackals (D:1)
  A quokka (D:2)
  3 goblins
  2 kobolds
  2 rats (D:3)
32 creatures vanquished.

Grand Total: 49 creatures vanquished

Notes
Turn   | Place    | Note
-------+----------+-------------------------------------------
     0 | D:1      | KLATTERAL the Demonspawn Summoner began the quest for the Orb.
     0 | D:1      | Reached XP level 1. HP: 13/13 MP: 3/3
     1 | D:1      | Noticed an electric eel
   264 | D:1      | Gained mutation: You are partially covered in yellow scales. (AC +2) [demonic ancestry]
   264 | D:1      | Reached XP level 2. HP: 12/19 MP: 1/5
   917 | D:2      | Learned a level 2 spell: Call Imp
  1103 | D:2      | You fall through a shaft!
  1497 | D:2      | Gained mutation: You are immune to rotting. [demonic ancestry]
  1497 | D:2      | Reached XP level 3. HP: 12/24 MP: 2/6
  1532 | D:2      | Found a burning altar of Makhleb.
  1549 | D:2      | Became a worshipper of Makhleb the Destroyer
  1682 | D:2      | Found a burning altar of Makhleb.
  1685 | D:2      | Noticed a green death
  1690 | D:2      | Noticed a neqoxec
  1690 | D:2      | Noticed a hellwing
  2353 | D:3      | Reached XP level 4. HP: 16/30 MP: 1/8
  2515 | D:3      | Found a runed door.
  2516 | D:3      | Noticed Findor's ghost (amateur GrWn)
  2570 | D:3      | Slain by Findor's ghost

Skill      XL: |  1  2 |
---------------+-------+-----
Dodging        | 2 |  2.1
Fighting       | |  0.3
Short Blades   | |  0.6
Slings         | |  0.7
Armour         | |  0.4
Stealth        | |  1.7
Spellcasting   | |  2.8
Summonings     | |  4.6

Action                   |  1- 3 |  4- 6 || total
-------------------------+-------+-------++-------
Melee: Mace              |     9 |       ||     9
       Dagger            |    79 |       ||    79
       Unarmed           |     1 |       ||     1
       Morningstar       |       |     6 ||     6
 Fire: Hunting sling     |    20 |     4 ||    24
 Cast: Summon Small Mamm |    17 |       ||    17
       Call Imp          |    18 |     8 ||    26
  Use: Scroll            |     4 |     1 ||     5
  Eat: Ration            |     2 |       ||     2
Armor: Robe              |    25 |       ||    25
       Leather armour    |    34 |     4 ||    38
Dodge: Dodged            |    98 |    10 ||   108
